 Dungeon Crawl Stone Soup version 0.18-a0-455-gc7d4c65 (webtiles) character file.

377 M4edhros the Sneak (level 6, -7/38 HPs)
             Began as an Octopode Artificer on Dec 1, 2015.
             Shot with an arrow by a centaur (15 damage)
             ... on level 5 of the Dungeon.
             The game lasted 00:04:30 (2845 turns).

M4edhros the Sneak (Octopode Artificer)             Turns: 2845, Time: 00:04:30

Health: -7/38      AC:  1    Str: 10    XL:     6   Next: 73%
Magic:  10/10      EV: 12    Int: 17    God:
Gold:   117        SH:  0    Dex: 12    Spells: 0 memorised, 5 levels left

rFire  + . .     SeeInvis .     a - +0 short sword
rCold  . . .     Clarity  .     (no shield)
rNeg   . . .     SustAt   .     (helmet restricted)
rPois  .         Gourm    .     (no amulet)
rElec  .         Spirit   .     i - ring of protection from fire
rCorr  .         Dsmss    .     (no ring)
rMut   .         Stasis   .     (no ring)
MR     .....                    (no ring)
Stlth  +++++.....               (no ring)
                                (no ring)
                                (no ring)
                                (no ring)

@: not resistant to hostile enchantments, quite stealthy
A: almost no armour, amphibious, 8 rings, constrict 8, camouflage 1, gelatinous
body 1
a: no special abilities


You were on level 5 of the Dungeon.
You were not hungry.

You visited 1 branch of the dungeon, and saw 5 of its levels.

You collected 117 gold pieces.

Inventory:

Hand Weapons
 a - a +0 short sword (weapon)
Missiles
 f - 89 stones (quivered)
 s - 16 sling bullets
Jewellery
 i - a ring of protection from fire (left tentacle)
Wands
 b - a wand of flame (10)
 c - a wand of enslavement (7)
 d - a wand of random effects (7)
Scrolls
 g - 3 scrolls of identify {unknown}
 k - a scroll of remove curse {unknown}
 m - a scroll of blinking {unknown}
 n - 3 scrolls of recharging {unknown}
 o - a scroll of fog {unknown}
 p - 2 scrolls of noise {unknown}
 r - a scroll of teleportation {unknown}
Potions
 h - a potion of haste
 l - a potion of curing
 q - a potion of magic {unknown}
Comestibles
 e - 3 bread rations
 j - 2 meat rations


   Skills:
 - Level 1.0 Fighting
 - Level 1.0 Short Blades
 - Level 2.0 Dodging
 + Level 6.9 Stealth
 + Level 6.0 Evocations


You had 5 spell levels left.
You didn't know any spells.

Dungeon Overview and Level Annotations

Branches:
Dungeon (5/15)
 Temple: D:4-7

Altars:
Ashenzari
Kikubaaqudgha
Makhleb
Trog
Zin
The Shining One

Annotations:
D:4 Raultor's ghost, amateur NaTm
D:5 exclusion: phantom


Innate Abilities, Weirdness & Mutations

You cannot wear most types of armour.
You are amphibious.
You can wear up to eight rings at the same time.
You can use your tentacles to constrict eight enemies at once.
Your skin changes colour to match your surroundings (Stealth).
Your rubbery body absorbs attacks (AC +1).


Message History

Your ogre dies!
Your Evocations skill increases to level 6!
The centaur looks more experienced.
Evoke which item? (* to show all) (? for menu, Esc to quit)
Zapping:
d - a wand of random effects (9)
Press: ? - help, Shift-Dir - straight line, f/p - centaur
Aim: a centaur, wielding a shortbow The bolt of fire hits the centaur.
The centaur is moderately wounded.
The bolt of fire misses the scorpion.
This wand has 8 charges left.
The centaur shoots an arrow.
The arrow hits you!
* * * LOW HITPOINT WARNING * * *
Evoke which item? (* to show all) (? for menu, Esc to quit)
Zapping:
d - a wand of random effects (8)
Press: ? - help, Shift-Dir - straight line, f/p - centaur
Aim: a centaur, wielding a shortbow (moderately wounded) Nothing appears to happen.
This wand has 7 charges left.
The centaur shoots an arrow.
The arrow misses you.
The centaur shoots an arrow.
The arrow hits you!
You die...

......# #...._∩# #.# ......#
#.....## #.# ......# ###.#.#
#.# ####### ####### #.#
#..#.# #.# ##.#.# #.# #.#(#
#####.# #...# #.....# ##.@#
#.###.# #..# #...### #..#
###.# #((# #.# ##)# #<#
##c#########.#
#######(s.......##.#
####...............##.#
##..................##.######


You could see a centaur and a scorpion.

Vanquished Creatures
  An orc warrior (D:4)
  A scorpion (D:5)
  A hound (D:5)
  A crimson imp (D:5)
  An orc priest (D:5)
  An orc wizard (D:5)
  4 adders
  A giant gecko (D:1)
  3 orcs (D:5)
  3 ball pythons
  4 goblins
  5 hobgoblins
  4 kobolds
  A quokka (D:2)
  3 bats
  2 giant cockroaches
  4 giant newts
  2 rats
42 creatures vanquished.

Vanquished Creatures (collateral kills)
  A crimson imp (D:5)
  A giant newt (D:2)
2 creatures vanquished.

Vanquished Creatures (others)
  An ogre (D:5)
  An orc wizard (D:5)
2 creatures vanquished.

Grand Total: 46 creatures vanquished

Notes
Turn   | Place    | Note
--------------------------------------------------------------
     0 | D:1      | M4edhros the Octopode Artificer began the quest for the Orb.
     0 | D:1      | Reached XP level 1. HP: 13/13 MP: 3/3
   156 | D:1      | Reached XP level 2. HP: 18/18 MP: 4/4
   712 | D:2      | Reached XP level 3. HP: 16/23 MP: 5/5
   987 | D:2      | Reached skill level 4 in Evocations
  1037 | D:2      | Reached XP level 4. HP: 17/28 MP: 7/7
  1155 | D:3      | Found an ancient bone altar of Kikubaaqudgha.
  1155 | D:3      | Found a glowing golden altar of the Shining One.
  1155 | D:3      | Found a glowing silver altar of Zin.
  1165 | D:3      | Found a shattered altar of Ashenzari.
  1472 | D:5      | Entered Level 5 of the Dungeon
  1475 | D:4      | Noticed a phantom
  1494 | D:4      | You fall through a shaft!
  1494 | D:5      | Noticed a phantom
  1817 | D:4      | Noticed an orc warrior
  1844 | D:4      | Killed an orc warrior
  1844 | D:4      | Reached skill level 5 in Stealth
  1844 | D:4      | Reached skill level 5 in Evocations
  1844 | D:4      | Reached XP level 5. HP: 23/33 MP: 8/8
  1895 | D:4      | Found a bloodstained altar of Trog.
  2096 | D:4      | Noticed Raultor's ghost (amateur NaTm)
  2158 | D:5      | Reached skill level 6 in Stealth
  2158 | D:5      | Reached XP level 6. HP: 19/38 MP: 8/10
  2565 | D:5      | Found a burning altar of Makhleb.
  2845 | D:5      | Shot with an arrow by a centaur

Vault maps used:
D:1:      minmay_arrival_semitransparent, serial_forest,
          infiniplex_forest_end_double, infiniplex_forest_straight_4,
          infiniplex_forest_pool, infiniplex_forest_end_1,
          infiniplex_forest_clump_small, infiniplex_forest_clump_curved,
          infiniplex_forest_straight_4, infiniplex_forest_side_room,
          infiniplex_forest_lined_corner, minivault_27
D:2:      grunt_temple_overflow_forces_of_nature
D:3:      grunt_temple_overflow_open
D:4:      lightli_temple_of_fire, first_bread, guppyfry_early_orc_mine,
          uniq_pikel
D:5:      marbit_many_paths, makhleb_heckhound_becter

Action                   |  1- 3 |  4- 6 || total
-------------------------+-------+-------++-------
Melee: Short sword       |    48 |    56 ||   104
Evoke: Wand              |     1 |    20 ||    21
  Use: Potion            |       |     2 ||     2
 Stab: Sleeping          |     8 |     4 ||    12
  Eat: Chunk             |       |     2 ||     2
       Meat ration       |       |     1 ||     1
